 Dungeon Crawl Stone Soup version 0.29.1-12-g30fa7ad0bf (webtiles) character file.

Game seed: 649986525903080080

3 xian the Insei (level 1, -2/15 HPs)
             Began as a Demonspawn Wanderer on Dec 28, 2022.
             Slain by a kobold
             ... wielding a +0 dagger
              (4 damage)
             ... on level 1 of the Dungeon.
             The game lasted 00:00:15 (63 turns).

xian the Insei (Demonspawn Wanderer)                  Turns: 63, Time: 00:00:16

Health: -2/15      AC:  2    Str: 11    XL:     1   Next: 41%
Magic:  1/1        EV: 10    Int: 11    God:
Gold:   0          SH:  4    Dex: 15    Spells: 0/0 levels left

rFire   . . .      SeeInvis .   a - +0 spear
rCold   . . .      Faith    .   d - +0 buckler
rNeg    . . .      Spirit   .   f - +0 robe
rPois   .          Reflect  .   (no helmet)
rElec   .          Harm     .   (no cloak)
rCorr   .          Rampage  .   (no gloves)
Will    .....                   (no boots)
Stlth   ++........              (no amulet)
HPRegen 0.05/turn               (no ring)
MPRegen 0.07/turn               (no ring)

@: no status effects
A: no striking features
a: no special abilities


You were on level 1 of the Dungeon.
You visited 1 branch of the dungeon, and saw 1 of its levels.

Inventory:

Hand Weapons
 a - a +0 spear (weapon)
Armour
 d - a +0 buckler (worn)
 f - a +0 robe (worn)
Scrolls
 e - a scroll of fear
Potions
 b - a potion of haste
 c - a potion of brilliance
 g - a potion of curing {unknown}


   Skills:
 + Level 1.0 Fighting
 + Level 2.6 Polearms
 + Level 1.0 Stealth
 + Level 1.0 Shields
 + Level 3.8 Unarmed Combat


You couldn't memorise any spells.
You didn't know any spells.
Your spell library was empty.

Dungeon Overview and Level Annotations

Branches:
Dungeon (1/15)

Altars:


Message History

The endoplasm quivers.
You hit the endoplasm.
The endoplasm is heavily wounded.
The endoplasm hits you but does no damage.
You barely miss the endoplasm.
The endoplasm is heavily wounded.
The endoplasm barely misses you.
You hit the endoplasm.
The endoplasm is almost dead.
The endoplasm hits you. The endoplasm freezes you.
You are frozen.
The kobold throws a stone.
You block the stone.
You hit the endoplasm.
You kill the endoplasm!
The kobold throws a stone.
The stone closely misses you.
You hit the quokka but do no damage. The quokka closely misses you.
The quokka barely misses you.
You barely miss the quokka. You block the quokka's attack.
You closely miss the quokka. The quokka bites you.
You closely miss the quokka.
The quokka bites you but does no damage.
The kobold hits you but does no damage. The quokka bites you.
You hit the quokka.
The quokka is severely wounded.
The kobold closely misses you. You block the quokka's attack.
You hit the quokka but do no damage.
The quokka is severely wounded.
The quokka closely misses you. The kobold hits you with a +0 dagger.
You hit the quokka but do no damage.
The quokka is severely wounded.
You block the quokka's attack. The kobold hits you with a +0 dagger.
You hit the quokka.
You kill the quokka!
The kobold hits you with a +0 dagger.
* * * LOW HITPOINT WARNING * * *
Unknown command.
You closely miss the kobold.
A giant cockroach comes into view.
The kobold hits you with a +0 dagger.
You die...

#### .# .... +#.# .....
..#.## ..# .....
.....+...#
......##...##...#
......#.........# #..
................###..
#@.#...........
#K.........##.####
####......##..##....#
.....B.......#..##....#
.......##....#..##....#
.......##)...#...†....#
##....#....#.#.######.#
......#.####...........
......#. #######....#


You could see a giant cockroach (wandering) and a kobold.

Vanquished Creatures
  An endoplasm (D:1)
  A quokka (D:1)
  A rat (D:1)
3 creatures vanquished.

Notes
Turn   | Place    | Note
-------+----------+-------------------------------------------
     0 | D:1      | xian the Demonspawn Wanderer began the quest for the Orb.
     0 | D:1      | xian set off with the following items: a +0 spear, a potion
                  | of haste, a potion of brilliance, a +0 buckler, a scroll of
                  | fear, a +0 robe.
     0 | D:1      | Reached XP level 1. HP: 15/15 MP: 1/1
    63 | D:1      | Slain by a kobold

Illustrated notes

Levels and vault maps discovered:
D:1:      dpeg_arrival_ratfight, layout_basic

Action                   || total
-------------------------++-------
Melee: Spear             ||    16
Armor: Robe              ||     3
Dodge: Dodged            ||     8
Block: Buckler           ||     4
